Map: Ley Lines

Players

leunam - Winner!

  • Race: Terran Terran
  • League: Master
  • Spawn Location: 7:00

krdsl

  • Race: Protoss Protoss
  • League: Master
  • Spawn Location: 1:00

VOD

Have the link to the VOD?

Description

Time

  • Played on: May 29, 2025, 10:38 a.m.
  • Length: 11:11
Show
View Real Time Build Order
Export as new Build Order

leunam Terran - Winner!

Build Orders:  

Get SALT Encoding   

  12  0:00  SCV  
  13  0:12  SCV  
  14  0:17  Supply Depot  
  14  0:24  SCV  
  15  0:38  SCV  
  15  0:40  Barracks  
  16  0:49  Refinery  
  16  0:50  SCV  
  17  1:03  SCV  
  18  1:15  SCV  
  19  1:27  Marine  
  19  1:28  Orbital Command  
  20  1:37  Command Center  
  20  1:45  Barracks Reactor  
  20  1:55  SCV  
  20  2:00  Supply Depot  
  20  2:01  Barracks  
  21  2:07  SCV  
  22  2:19  SCV  
  23  2:24  Marine x2  
  23  2:27  Barracks  
  25  2:31  SCV  
  25  2:32  Refinery  
  26  2:42  Marine x2  
  26  2:43  SCV  
  29  2:49  Barracks Tech Lab  
  29  2:59  Orbital Command  
  29  3:00  SCV  
  29  3:03  Bunker  
  29  3:04  Marine x2  
  32  3:12  SCV  
  33  3:13  Stimpack  
  33  3:14  Marine  
  33  3:16  Barracks Reactor  
  33  3:17  Barracks Tech Lab  
  34  3:24  SCV  
  35  3:27  SCV  
  35  3:33  Supply Depot  
  36  3:36  Marine x2, SCV  
  36  3:37  Marine  
  36  3:39  SCV  
  41  3:41  Combat Shield  
  41  3:49  SCV  
  41  3:51  Marine, SCV  
  41  3:53  Marine  
  45  3:56  Marine, Supply Depot  
  45  3:57  Marine  
  45  4:01  SCV  
  48  4:03  SCV  
  48  4:09  Marine  
  50  4:11  Marine  
  50  4:13  SCV  
  50  4:14  Marine x2  
  54  4:18  SCV  
  54  4:19  Supply Depot  
  54  4:22  Supply Depot  
  55  4:25  SCV  
  55  4:26  Marine  
  55  4:29  Supply Depot, Marine  
  55  4:30  SCV  
  59  4:32  Marine x2  
  59  4:37  SCV  
  62  4:42  Factory, SCV  
  62  4:43  Engineering Bay  
  63  4:46  Engineering Bay  
  63  4:48  Marine  
  63  4:49  Marine x2, SCV  
  67  4:54  SCV  
  68  5:00  Supply Depot  
  68  5:01  SCV  
  68  5:04  Marine  
  68  5:06  Marine x2, SCV  
  73  5:07  Marine  
  73  5:10  Refinery  
  73  5:13  Refinery, SCV  
  75  5:23  Marauder  
  75  5:24  Marine x2  
  75  5:25  Marine  
  72  5:42  Marine x2  
  64  5:43  Marine  
  64  5:44  Marauder  
  64  5:45  SCV x2  
  64  5:48  Factory Tech Lab  
  64  5:49  Starport  
  71  5:51  Command Center  
  71  5:57  SCV  
  71  6:00  Marine  
  71  6:01  Marine, Marauder  
  71  6:03  Starport  
  76  6:05  Marine  
  76  6:09  SCV  
  76  6:10  SCV  
  79  6:12  Terran Infantry Weapons Level 1  
  79  6:15  Terran Infantry Armor Level 1  
  79  6:21  Supply Depot  
  79  6:22  Marauder  
  79  6:23  Marauder, Marine  
  79  6:25  Marine  
  85  6:27  Starport Reactor  
  85  6:32  Siege Tank  
  88  6:33  SCV  
  88  6:35  SCV  
  90  6:41  Starport Reactor  
  90  6:43  Supply Depot  
  90  6:45  SCV, Armory  
  91  6:47  SCV  
  91  6:52  Marine, Marauder x2  
  91  6:54  Marine  
  86  7:13  Marine x3  
  86  7:14  Marauder  
  85  7:18  Orbital Command  
  85  7:20  Supply Depot  
  78  7:27  Medivac  
  76  7:30  Marine  
  76  7:31  Marine x2  
  76  7:34  Marine  
  77  7:38  Medivac x2  
  81  7:48  Marine x2  
  81  7:49  Marauder  
  85  7:58  Marine  
  84  8:00  SCV x3  
  85  8:06  Marine x2  
  85  8:10  Marine  
  85  8:11  Barracks  
  85  8:12  SCV x2  
  90  8:13  SCV, Barracks, Medivac x2  
  90  8:14  Medivac x2  
  90  8:16  Marine  
  100  8:24  Marine, SCV  
  100  8:25  SCV x2, Missile Turret, Terran Infantry Weapons Level 2  
  100  8:26  Terran Infantry Armor Level 2  
  104  8:28  Marine  
  104  8:29  Marauder  
  104  8:34  Marine  
  108  8:36  SCV  
  108  8:37  SCV x2  
  111  8:42  Marine  
  111  8:45  Missile Turret  
  111  8:46  Marine  
  111  8:47  Siege Tank  
  116  8:49  SCV x3, Marine  
  116  8:51  Marine  
  116  8:53  Command Center  
  121  8:59  Barracks Reactor  
  121  9:00  Marine, Barracks Reactor  
  121  9:01  SCV x3  
  125  9:03  Marine  
  125  9:07  Missile Turret, Marine  
  125  9:09  Marine  
  127  9:13  SCV  
  128  9:17  SCV x2, Marine  
  128  9:21  Marine  
  132  9:25  Marine  
  132  9:29  Supply Depot  
  133  9:34  Supply Depot  
  133  9:36  Medivac  
  133  9:37  Marine x2  
  132  9:39  Medivac  
  132  9:41  Marine  
  132  9:45  Marine  
  133  9:50  Marine x3, Siege Tank  
  133  9:51  Marauder, Supply Depot  
  140  9:55  Marine  
  140  9:56  Marauder  
  140  9:57  Supply Depot  
  140  9:59  Marine  
  144  10:02  Marine  
  141  10:08  Marine x3  
  141  10:12  Marauder, SCV x3, Marine  
  147  10:17  Marine, Command Center, Marauder  
  147  10:20  Supply Depot, Marine  
  148  10:24  SCV x3  
  148  10:26  Marine x2  
  145  10:31  Missile Turret  
  145  10:33  Marauder  
  147  10:36  SCV  
  147  10:37  Missile Turret  
  147  10:39  Marauder  
  148  10:42  SCV  
  148  10:43  SCV  
  148  10:48  SCV  
  150  10:54  SCV  
  150  10:55  SCV  
  154  11:03  Missile Turret  
Show
View Real Time Build Order
Export as new Build Order

krdsl Protoss 

Build Orders: 1 Gate Expand 

Get SALT Encoding   

  12  0:00  Probe  
  13  0:12  Probe  
  14  0:21  Pylon  
  14  0:24  Probe  
  15  0:38  Probe  
  16  0:43  Gateway  
  16  0:46  Probe  
  16  0:51  Assimilator  
  16  0:54  Probe  
  18  1:05  Probe  
  19  1:17  Probe  
  20  1:29  Nexus  
  20  1:30  Probe  
  21  1:42  Probe  
  21  1:45  Cybernetics Core  
  21  1:58  Pylon  
  21  2:00  Probe  
  22  2:05  Assimilator  
  22  2:12  Gateway  
  22  2:13  Probe  
  23  2:20  Stalker  
  23  2:25  Probe, Warp Gate  
  26  2:37  Probe  
  26  2:40  Pylon  
  27  2:45  Probe  
  27  2:51  Probe  
  28  2:52  Robotics Facility  
  28  2:53  Probe  
  30  2:59  Probe  
  30  3:01  Probe  
  31  3:08  Zealot  
  31  3:11  Zealot, Probe  
  36  3:15  Probe  
  38  3:23  Twilight Council  
  38  3:25  Probe  
  39  3:32  Probe  
  40  3:37  Probe  
  40  3:38  Gateway  
  41  3:44  Probe, Gateway  
  41  3:46  Charge  
  42  3:49  Probe  
  42  3:55  Shield Battery  
  43  3:56  Probe  
  43  4:02  Probe  
  45  4:10  Observer  
  45  4:11  Pylon  
  45  4:12  Probe  
  45  4:16  Pylon  
  47  4:21  Probe  
  47  4:23  Immortal  
  48  4:26  Probe  
  48  4:29  Assimilator  
  48  4:30  Zealot  
  55  4:32  Zealot  
  55  4:33  Assimilator  
  55  4:34  Probe  
  58  4:50  Zealot x2  
  58  4:52  Stalker  
  64  4:55  Probe  
  65  5:02  Zealot  
  65  5:04  Warp Prism  
  69  5:12  Shield Battery  
  69  5:15  Shield Battery  
  65  5:30  Stalker  
  65  5:31  Stalker x2  
  65  5:33  Zealot  
  61  5:55  Gateway x2  
  61  5:58  Gateway  
  61  6:03  Zealot x4, Gateway  
  69  6:09  Pylon  
  69  6:17  Pylon  
  69  6:35  Pylon  
  69  6:37  Pylon  
  69  6:39  Zealot, Pylon  
  71  6:40  Zealot x2  
  71  6:41  Zealot  
  71  6:44  Pylon  
  59  7:10  Immortal  
  59  7:11  Zealot x6  
  59  7:12  Zealot x2  
  67  7:35  Zealot  
  67  7:36  Zealot x7  
  63  7:58  Zealot x2  
  63  7:59  Zealot x5  
  65  8:40  Dark Shrine, Templar Archives  
  65  8:42  Probe x2  
  65  8:45  Nexus  
  67  8:48  Pylon  
  67  8:49  Zealot  
  67  8:50  Zealot x3  
  67  8:54  Probe x2  
  77  8:57  Zealot  
  79  9:10  Zealot x4  
  85  9:25  High Templar  
  85  9:26  High Templar x3  
  85  9:30  Archon x2  
  79  9:42  Zealot x4  
  54  9:57  Dark Templar x2  
  54  9:59  Dark Templar  
  51  10:00  Dark Templar x2  
  51  10:04  Dark Templar  
  53  10:07  Dark Templar  
  51  10:22  Zealot x3  
  46  10:48  Dark Templar  
  46  10:49  Dark Templar x2  
  50  10:50  Dark Templar  
  46  10:59  Zealot x6  
Tags
 
Add a new tag
Caveats
  • Supply blocks, unpowered buildings, or Contaminate may cause inaccurate times.
  • Supply counts are checked every 10 seconds.